[Event "Titled Tuesday Blitz December 13 Late 2022"]
[White "Nasuta, Grzegorz"]
[Black "Mieles Palau, Daniel"]
[WhiteFideId "1141686"]
[BlackFideId "3600467"]
[WhiteElo "2441"]
[BlackElo "2344"]
[Result "1-0"]
[Round "08"]
[TimeControl "180+1"]
[Date "2022.12.14"]
[WhiteClock "0:01:07"]
[BlackClock "0:00:41"]

1. e4 c5 2. Nf3 Nc6 3. Bb5 g6 4. Bxc6 dxc6 5. d3 Bg7 6. h3 Nf6 7. Nc3 Nd7 8. Be3 e5 9. Qd2 h6 10. O-O b6 11. Nh2 Nf8 12. f4 exf4 13. Bxf4 Ne6 14. Bg3 Qg5 15. Qe1 Nd4 16. Qf2 O-O 17. Bd6 Bxh3 18. Bxf8 Rxf8 19. Kh1 Be6 20. Nf3 Nxf3 21. gxf3 Bh3 22. Rg1 Qh5 23. Rg3 Be5 24. f4 Bg4+ 25. Kg2 Bd4 26. Qd2 1-0


[Site "https://www.chess.com"]

[Event "Titled Tuesday Blitz December 13 Late 2022"]
[White "Papp, Levente"]
[Black "Kujawski, Adam"]
[WhiteFideId "751243"]
[BlackFideId "1100920"]
[WhiteElo "2380"]
[BlackElo "2054"]
[Result "1-0"]
[Round "08"]
[TimeControl "180+1"]
[Date "2022.12.14"]
[WhiteClock "0:00:03"]
[BlackClock "0:00:04"]

1. d4 Nf6 2. Nc3 d5 3. Bf4 a6 4. Nf3 e6 5. e3 Be7 6. h3 O-O 7. g4 c5 8. Ne5 Nc6 9. g5 Ne4 10. Nxe4 Nxe5 11. Nxc5 Ng6 12. Nd3 Nxf4 13. exf4 f6 14. h4 Bd7 15. Bh3 Rc8 16. c3 e5 17. dxe5 Bxh3 18. Rxh3 fxe5 19. fxe5 d4 20. Kf1 dxc3 21. Qb3+ Kh8 22. bxc3 Qd7 23. Rg3 Qf5 24. Qxb7 Bc5 25. Kg2 Rcd8 26. Rd1 Rxd3 27. Rdxd3 Qxf2+ 28. Kh3 Qe1 29. g6 Bf2 30. Qf7 Qh1+ 31. Kg4 h5+ 32. Kxh5 Rxf7 33. Rd8+ 1-0


[Site "https://www.chess.com"]

[Event "Titled Tuesday Blitz December 13 Late 2022"]
[White "Pein, Jonathan"]
[Black "Kim, Sergey"]
[WhiteFideId "417092"]
[BlackFideId "13700570"]
[WhiteElo "2225"]
[BlackElo "2611"]
[Result "1-0"]
[Round "08"]
[TimeControl "180+1"]
[Date "2022.12.14"]
[WhiteClock "0:00:41"]
[BlackClock "0:00:02"]

1. Nf3 Nf6 2. g3 g6 3. Bg2 Bg7 4. O-O d6 5. c4 O-O 6. Nc3 e5 7. d3 c6 8. Bg5 h6 9. Bxf6 Bxf6 10. Nd2 Bg7 11. Rb1 f5 12. b4 Nd7 13. b5 c5 14. a4 Nf6 15. a5 Rb8 16. Nd5 Nxd5 17. Bxd5+ Kh8 18. e3 f4 19. exf4 exf4 20. a6 bxa6 21. bxa6 Bxa6 22. Qg4 Rxb1 23. Rxb1 Qf6 24. Ne4 Qe5 25. Qxg6 Bc8 26. Qxd6 Qxd6 27. Nxd6 fxg3 28. hxg3 Bg4 29. Kg2 Be2 30. Be4 Bd4 31. f4 Bg4 32. Rb7 a5 33. Nf7+ Rxf7 34. Rxf7 a4 35. Bf3 a3 36. Ra7 Bf5 37. Be4 Bg4 38. Rxa3 Kg7 39. Ra6 h5 40. Bf3 Bf5 41. Be2 Bh7 42. Re6 Bf5 43. Rd6 Bg6 44. Kf1 Bf5 45. Ke1 Bc3+ 46. Kf1 Bg6 47. Rd5 Bd4 48. Bxh5 Bxd3+ 49. Be2 Be4 50. Rd6 1-0


[Site "https://www.chess.com"]

[Event "Titled Tuesday Blitz December 13 Late 2022"]
[White "Pham, Khoi"]
[Black "Donskov, Anatoly"]
[WhiteFideId "1054988"]
[BlackFideId "24143413"]
[WhiteElo "2514"]
[BlackElo "2219"]
[Result "0-1"]
[Round "08"]
[TimeControl "180+1"]
[Date "2022.12.14"]
[WhiteClock "0:00:04"]
[BlackClock "0:00:09"]

1. e4 c5 2. Nf3 Nc6 3. d4 cxd4 4. Nxd4 Qb6 5. Nb3 e6 6. Nc3 Nf6 7. Bd3 Bb4 8. O-O O-O 9. Bf4 Bxc3 10. bxc3 d5 11. e5 Nd7 12. Re1 Qd8 13. Re3 g6 14. Bh6 Ndxe5 15. Bxf8 Qxf8 16. Qe2 Qd6 17. Nd4 a6 18. Rb1 Nxd4 19. cxd4 Nc6 20. c3 b5 21. Qc2 Bd7 22. a4 Rc8 23. Qa2 Na7 24. axb5 Bxb5 25. Bxb5 Nxb5 26. Qa5 Qc6 27. h3 Nxc3 28. Rb6 Qc4 29. Qxa6 Qxa6 30. Rxa6 Nb5 31. Rd3 Rc4 32. Rb3 Nxd4 33. Rb7 Rc8 34. Raa7 Rf8 35. f3 Nf5 36. Kf2 h6 37. g4 Nd6 38. Rd7 Nc4 39. h4 Kg7 40. h5 g5 41. Re7 Kf6 42. Reb7 Ne5 43. Kg3 Rc8 44. Ra3 Rc4 45. Rab3 Rf4 46. Rb8 d4 47. Rd8 d3 48. Rdxd3 Nxd3 49. Rxd3 Rb4 50. Ra3 Kg7 51. Rc3 Rb8 52. Ra3 Re8 53. Ra7 Kf6 54. Ra5 e5 55. Ra6+ Re6 56. Ra8 e4 57. fxe4 Rxe4 58. Rh8 Kg7 59. Ra8 Re3+ 60. Kg2 Rb3 61. Ra6 f6 62. Ra7+ Kg8 63. Ra8+ Kf7 64. Ra7+ Ke6 65. Rh7 Rb2+ 66. Kg3 Rb3+ 67. Kf2 Rb4 68. Rxh6 Rxg4 69. Rg6 Rh4 70. h6 Kf5 71. Rg8 Rxh6 72. Ra8 Rh3 73. Kg2 Rb3 74. Ra5+ Kg4 75. Ra4+ Kh5 76. Ra8 f5 77. Rh8+ Kg4 78. Rc8 Rb2+ 79. Kh1 f4 80. Rc1 Kh3 81. Rg1 Rh2# 0-1


[Site "https://www.chess.com"]

[Event "Titled Tuesday Blitz December 13 Late 2022"]
[White "Prieto Aranguren, Alain"]
[Black "Mikhalsky, Vladimir"]
[WhiteFideId "2268906"]
[BlackFideId "14144352"]
[WhiteElo "2209"]
[BlackElo "2272"]
[Result "1/2-1/2"]
[Round "08"]
[TimeControl "180+1"]
[Date "2022.12.14"]
[WhiteClock "0:00:03"]
[BlackClock "0:00:22"]

1. e4 g6 2. h4 d5 3. e5 h5 4. Nh3 Bxh3 5. Rxh3 e6 6. d4 c5 7. Bg5 Be7 8. Bxe7 Nxe7 9. c3 Nbc6 10. Na3 Nf5 11. Nb5 a6 12. Nd6+ Nxd6 13. exd6 Qxd6 14. dxc5 Qxc5 15. Bd3 e5 16. Re3 O-O-O 17. Rc1 e4 18. Be2 f5 19. b4 Qe7 20. Qb3 f4 21. Rh3 f3 22. gxf3 exf3 23. Rxf3 Rhe8 24. Re3 Qxh4 25. Rxe8 Rxe8 26. Qxd5 Qg4 27. Qd3 Qg1+ 28. Kd2 Qxf2 29. Rf1 Qxf1 30. Bxf1 Rd8 31. Ke3 Rxd3+ 32. Bxd3 Ne7 33. Kf4 Kd7 34. a4 Ke6 35. a5 Nd5+ 36. Kg5 Nxc3 37. Bxg6 Kd5 38. Bxh5 Kc4 39. Bf3 Nd5 40. Kh4 Kd4 41. Kg3 Kc4 42. Kf2 Kd4 43. Ke1 Kc4 44. Kd2 Kd4 45. Kc1 Kc4 46. Kb2 Kd4 47. Ka3 Kc4 48. Kb2 Kd4 49. Ka3 Ke5 50. Kb2 Kd6 51. Kb3 Ke5 52. Kc4 Ne3+ 53. Kd3 Nd5 54. Kc4 Ne3+ 55. Kd3 Nd5 56. Kc4 1/2-1/2


[Site "https://www.chess.com"]

[Event "Titled Tuesday Blitz December 13 Late 2022"]
[White "Radovanovic, Dusan"]
[Black "Sanchez, Robert"]
[WhiteFideId "926868"]
[BlackFideId "2034360"]
[WhiteElo "2337"]
[BlackElo "2355"]
[Result "1-0"]
[Round "08"]
[TimeControl "180+1"]
[Date "2022.12.14"]
[WhiteClock "0:00:58"]
[BlackClock "0:00:38"]

1. e4 d5 2. exd5 Qxd5 3. Nc3 Qe6+ 4. Be2 Qg6 5. Nf3 Qxg2 6. Rg1 Qh3 7. Bc4 e6 8. d4 h6 9. Bf4 c6 10. Qe2 Nf6 11. O-O-O Qf5 12. Be5 b5 13. Bd3 Qh5 14. Ne4 Nbd7 15. Kb1 Nxe5 16. dxe5 Nd5 17. Nd6+ Bxd6 18. exd6 O-O 19. Qe4 Nf6 20. Qf4 Kh8 21. Rxg7 e5 22. Qxf6 1-0


[Site "https://www.chess.com"]

[Event "Titled Tuesday Blitz December 13 Late 2022"]
[White "Rangel, Daniel"]
[Black "Osmonbekov, Talaibek"]
[WhiteFideId "2124475"]
[BlackFideId "2017253"]
[WhiteElo "2225"]
[BlackElo "2135"]
[Result "0-1"]
[Round "08"]
[TimeControl "180+1"]
[Date "2022.12.14"]
[WhiteClock "0:02:42"]
[BlackClock "0:02:52"]

1. e4 c5 2. Nf3 d6 3. d4 cxd4 4. Nxd4 Nf6 5. Nc3 g6 6. Be3 Bg7 7. f3 O-O 8. Bc4 Nc6 9. Qd2 Bd7 10. O-O-O Rc8 11. Bb3 Nxd4 12. Bxd4 b5 13. h4 a5 14. a3 b4 15. axb4 axb4 16. Nd5 Nxd5 17. exd5 Qa5 18. Bxg7 Qa1# 0-1


[Site "https://www.chess.com"]

[Event "Titled Tuesday Blitz December 13 Late 2022"]
[White "Remizov, Yaroslav"]
[Black "Paravyan, David"]
[WhiteFideId "34134015"]
[BlackFideId "4194985"]
[WhiteElo "2415"]
[BlackElo "2551"]
[Result "0-1"]
[Round "08"]
[TimeControl "180+1"]
[Date "2022.12.13"]
[WhiteClock "0:00:03"]
[BlackClock "0:00:33"]

1. e4 e5 2. Nf3 Nf6 3. Nxe5 d6 4. Nf3 Nxe4 5. d3 Nf6 6. d4 g6 7. Bb5+ c6 8. Bd3 Bg7 9. Qe2+ Qe7 10. Qxe7+ Kxe7 11. O-O Rd8 12. c3 c5 13. dxc5 dxc5 14. Bc4 Nc6 15. Bf4 Nd5 16. Bg3 Nb6 17. Bb3 Bf5 18. Na3 Na5 19. Bh4+ f6 20. Rfe1+ Kf8 21. Be6 Bxe6 22. Rxe6 Re8 23. Rxe8+ Rxe8 24. Kf1 Nac4 25. Nxc4 Nxc4 26. b3 Nd6 27. Bg3 Ne4 28. c4 Rd8 29. Bf4 g5 30. Be3 f5 31. Re1 h6 32. Bc1 Rd3 33. Ke2 Rd6 34. Nd2 Nc3+ 35. Kf1 Nxa2 36. Nb1 Rd3 37. Be3 b6 38. g3 Rxb3 39. Nd2 Rd3 40. Nf3 Nc3 41. Ng1 Rd1 0-1


[Site "https://www.chess.com"]

[Event "Titled Tuesday Blitz December 13 Late 2022"]
[White "Rian, Kapriaga"]
[Black "Przybylski, Wojciech"]
[WhiteFideId "7103263"]
[BlackFideId "1117599"]
[WhiteElo "2299"]
[BlackElo "2217"]
[Result "0-1"]
[Round "08"]
[TimeControl "180+1"]
[Date "2022.12.14"]
[WhiteClock "0:00:01"]
[BlackClock "0:01:08"]

1. d4 Nf6 2. Nf3 e6 3. Bf4 b6 4. e3 Bb7 5. Be2 Be7 6. h3 O-O 7. O-O d6 8. Nbd2 Nbd7 9. Bh2 Re8 10. a4 a6 11. c3 Bf8 12. b4 Ne4 13. Nxe4 Bxe4 14. Nd2 Bg6 15. Bh5 d5 16. Bxg6 hxg6 17. a5 Bd6 18. e4 Bxh2+ 19. Kxh2 e5 20. Re1 exd4 21. cxd4 dxe4 22. Nxe4 Nf6 23. Nxf6+ Qxf6 24. Rxe8+ Rxe8 25. axb6 Qxb6 26. Qd2 Rd8 27. Rd1 Rd5 28. Kg1 Qd6 29. Qc3 Qd7 30. Qc4 Rg5 31. Rd3 Qd5 32. Qxd5 Rxd5 33. Ra3 Rxd4 34. Rxa6 Rxb4 35. Ra8+ Kh7 36. Rc8 Rc4 37. g3 g5 38. Kg2 Kg6 39. Kf3 Kf6 40. Kg2 Ke7 41. Kf3 g6 42. Kg2 Rc3 43. Kf1 Kd7 44. Rf8 Ke6 45. Rc8 Rc2 46. Kg2 Ke5 47. Kf3 f5 48. Kg2 c6 49. Re8+ Kf6 50. Rc8 Ke6 51. Re8+ Kf7 52. Rc8 Ke7 53. Rg8 Kf6 54. Rc8 Rc3 0-1


[Site "https://www.chess.com"]

[Event "Titled Tuesday Blitz December 13 Late 2022"]
[White "Rodriguez Santiago, Jaime"]
[Black "Hoffmann, Asa"]
[WhiteFideId "3100898"]
[BlackFideId "2001470"]
[WhiteElo "2025"]
[BlackElo "2117"]
[Result "1-0"]
[Round "08"]
[TimeControl "180+1"]
[Date "2022.12.14"]
[WhiteClock "0:00:32"]
[BlackClock "0:01:08"]

1. c4 Nf6 2. Nc3 d6 3. g3 c6 4. Bg2 e5 5. e4 Be6 6. d3 d5 7. exd5 cxd5 8. Qa4+ Nc6 9. Nf3 Bd6 10. Bg5 d4 11. Nxe5 dxc3 12. Nxc6 bxc6 13. Qxc6+ Kf8 14. Qxa8 Qxa8 15. Bxa8 cxb2 16. Rb1 Bb4+ 17. Kd1 Bc3 18. Kc2 Be5 19. Rhe1 Bd4 20. Be3 Bxe3 21. fxe3 Ke7 22. Bf3 Bf5 23. Rxb2 Rd8 24. e4 Be6 25. Kc3 Nd7 26. Rb7 Kf8 27. d4 Rc8 28. c5 f5 29. e5 g5 30. c6 Nb6 31. Rxa7 Bd5 32. Bxd5 Nxd5+ 33. Kc4 Nb6+ 34. Kb5 Nd5 35. Kc5 Nc3 36. d5 f4 37. d6 f3 38. d7 Rd8 39. c7 1-0


[Site "https://www.chess.com"]

[Event "Titled Tuesday Blitz December 13 Late 2022"]
[White "Rorrer, Grayson"]
[Black "Keymer, Vincent"]
[WhiteFideId "30944996"]
[BlackFideId "12940690"]
[WhiteElo "2200"]
[BlackElo "2600"]
[Result "0-1"]
[Round "08"]
[TimeControl "180+1"]
[Date "2022.12.13"]
[WhiteClock "0:00:01"]
[BlackClock "0:00:06"]

1. e4 c5 2. Nf3 d6 3. d4 cxd4 4. Nxd4 Nf6 5. Nc3 a6 6. Nb3 e6 7. g4 b5 8. Bg2 Bb7 9. g5 b4 10. gxf6 bxc3 11. bxc3 Qxf6 12. Qd3 Nc6 13. f4 Be7 14. Be3 Qh4+ 15. Ke2 O-O 16. Rab1 a5 17. a3 Ba6 18. c4 Rac8 19. Nd2 Rb8 20. e5 d5 21. c3 Rxb1 22. Rxb1 Qxh2 23. Kf3 f6 24. exf6 Rxf6 25. Kf2 Rg6 26. Rg1 Bh4+ 27. Kf1 Qg3 28. Qe2 Qg4 29. Qxg4 Rxg4 30. Bh3 Rxg1+ 31. Kxg1 Kf7 32. cxd5 exd5 33. Nf3 Bf6 34. Nd4 Nxd4 35. cxd4 Bb5 36. Kf2 a4 37. Bg2 Bc6 38. Bf1 g6 39. Bd3 Be7 40. Bc1 Bd7 41. Kf3 Bd6 42. Bb1 h5 43. Ba2 Be6 44. Bb1 Bg4+ 45. Kg2 Bf5 46. Ba2 Ke6 47. Kg3 Bc2 48. Be3 Be4 0-1


[Site "https://www.chess.com"]

[Event "Titled Tuesday Blitz December 13 Late 2022"]
[White "Rosenberg, Evan S"]
[Black "Omelja, Artem"]
[WhiteFideId "2019299"]
[BlackFideId "14119846"]
[WhiteElo "2431"]
[BlackElo "2404"]
[Result "0-1"]
[Round "08"]
[TimeControl "180+1"]
[Date "2022.12.14"]
[WhiteClock "0:00:07"]
[BlackClock "0:00:13"]

1. d4 h5 2. e4 d6 3. Nc3 h4 4. h3 e5 5. dxe5 dxe5 6. Qxd8+ Kxd8 7. Bc4 Be6 8. Bxe6 fxe6 9. Bg5+ Be7 10. Nf3 Nc6 11. O-O-O+ Kc8 12. Bxe7 Ngxe7 13. Ng5 Nd4 14. Nf7 Rh5 15. Nxe5 Rxe5 16. Rxd4 Nc6 17. Rd3 Rg5 18. g3 hxg3 19. Rxg3 Rxg3 20. fxg3 Kd7 21. Rd1+ Ke7 22. Nb5 Rh8 23. h4 Rc8 24. c3 a6 25. Nd4 Ne5 26. Kc2 c5 27. Ne2 Rf8 28. Nf4 b5 29. a4 g5 30. hxg5 Rg8 31. g6 Nxg6 32. Nxg6+ Rxg6 33. axb5 axb5 34. Rd3 Rg4 35. Re3 Kf6 36. e5+ Kf5 37. Kd3 c4+ 38. Ke2 Rg8 39. Kf3 Rd8 40. g4+ Kg5 41. Re2 Rd3+ 42. Ke4 Rg3 43. Kd4 Rd3+ 44. Kc5 Rd5+ 45. Kc6 Kxg4 46. Rf2 Rxe5 47. Kd6 Rf5 48. Rg2+ Kf3 49. Rd2 e5 50. Kd5 e4+ 51. Kd4 e3 52. Rh2 e2 53. Rh3+ Kg2 54. Re3 Kf2 55. Rxe2+ Kxe2 56. Ke4 Rf1 0-1


[Site "https://www.chess.com"]

[Event "Titled Tuesday Blitz December 13 Late 2022"]
[White "Rustemov, Alexander"]
[Black "Jobava, Baadur"]
[WhiteFideId "4119002"]
[BlackFideId "13601520"]
[WhiteElo "2777"]
[BlackElo "2582"]
[Result "1/2-1/2"]
[Round "08"]
[TimeControl "180+1"]
[Date "2022.12.13"]
[WhiteClock "0:00:03"]
[BlackClock "0:00:43"]

1. d4 Nf6 2. c4 e6 3. Nf3 Bb4+ 4. Bd2 Bxd2+ 5. Qxd2 O-O 6. g3 b6 7. Bg2 Bb7 8. O-O c5 9. Nc3 cxd4 10. Qxd4 Nc6 11. Qf4 Qb8 12. Qxb8 Raxb8 13. Rfd1 Rfd8 14. Rac1 Kf8 15. Nd4 Ke7 16. Nxc6+ Bxc6 17. Bxc6 dxc6 18. Kg2 g5 19. Kf3 h5 20. Ne4 g4+ 21. Kf4 Nd7 22. Rd2 f5 23. Nc3 e5+ 24. Ke3 Nc5 25. Rcd1 Rxd2 26. Rxd2 Rf8 27. f3 Ne6 28. Kf2 Ng5 29. b4 f4 30. Rd3 Ke6 31. Kg2 Rf7 32. a4 Rd7 33. Rxd7 Kxd7 34. Kf2 Kd6 35. fxg4 hxg4 36. e4 Ne6 37. Kg2 a5 38. c5+ Kc7 39. cxb6+ Kxb6 40. bxa5+ Kxa5 41. gxf4 exf4 42. h3 g3 43. h4 Kb4 44. Ne2 c5 45. h5 c4 46. h6 Ng5 47. Nxf4 Kxa4 48. e5 c3 49. e6 c2 50. Ne2 Nxe6 51. h7 Nf4+ 52. Nxf4 c1=Q 53. h8=Q Qxf4 54. Qa8+ Kb4 55. Qb7+ Kc5 56. Qe7+ Kd5 57. Qd7+ Kc4 58. Qc6+ Kd3 59. Qf3+ Qxf3+ 60. Kxf3 g2 61. Kxg2 1/2-1/2


[Site "https://www.chess.com"]

[Event "Titled Tuesday Blitz December 13 Late 2022"]
[White "Santos Flores, Alberto"]
[Black "Bogaudinov, Rushan"]
[WhiteFideId "3601234"]
[BlackFideId "4129288"]
[WhiteElo "2235"]
[BlackElo "2028"]
[Result "1-0"]
[Round "08"]
[TimeControl "180+1"]
[Date "2022.12.14"]
[WhiteClock "0:00:20"]
[BlackClock "0:00:04"]

1. d4 Nf6 2. c4 e6 3. Nf3 Be7 4. Nc3 c5 5. d5 exd5 6. cxd5 d6 7. e4 O-O 8. Be2 Bg4 9. Nd2 Bxe2 10. Qxe2 a6 11. a4 Nbd7 12. O-O Re8 13. Nc4 Bf8 14. Qd3 Qb8 15. a5 b5 16. axb6 Nxb6 17. Na5 Qc7 18. Nc6 c4 19. Qd4 Nfd7 20. Be3 g6 21. Qd2 Bg7 22. Bd4 Nc5 23. Bxc5 dxc5 24. f3 h5 25. Ra5 Nd7 26. Rfa1 Qb6 27. Qe2 Ne5 28. Nxe5 Bxe5 29. R1a2 h4 30. Qxc4 Bd4+ 31. Kh1 h3 32. gxh3 Qf6 33. Qe2 Kg7 34. Rxa6 Rxa6 35. Rxa6 Qf4 36. Ra1 Rh8 37. Qg2 Rh5 38. Ne2 Qd2 39. Nxd4 Qxd4 40. Rg1 Qe5 41. Qg3 Qd4 42. Re1 c4 43. Qg2 f6 44. Qe2 Rxh3 45. Rd1 Qe5 46. d6 Rh8 47. d7 Rd8 48. Qd2 Qe7 49. Qd6 Kf7 50. Qxe7+ Kxe7 51. Kg2 g5 52. Kf2 Ke6 53. Ke3 Ke7 54. Rd5 Ke6 55. Kd4 Ke7 56. Kxc4 Ke6 57. b4 Ke7 58. b5 Ke6 59. b6 Ke7 60. Kc5 Ke6 61. Kc6 f5 62. Kc7 Rh8 63. d8=Q Rxd8 64. Rxd8 g4 65. exf5+ Kxf5 66. fxg4+ 1-0


[Site "https://www.chess.com"]

[Event "Titled Tuesday Blitz December 13 Late 2022"]
[White "Sargsyan, Anna M."]
[Black "Sukandar, Irine Kharisma"]
[WhiteFideId "13308130"]
[BlackFideId "7101937"]
[WhiteElo "2284"]
[BlackElo "2301"]
[Result "1-0"]
[Round "08"]
[TimeControl "180+1"]
[Date "2022.12.14"]
[WhiteClock "0:02:09"]
[BlackClock "0:01:18"]

1. d4 Nf6 2. c4 e6 3. Nf3 d5 4. Nc3 Be7 5. Bf4 O-O 6. e3 c6 7. c5 Ne4 8. Nxe4 dxe4 9. Nd2 Qa5 10. a3 f5 11. b4 Qd8 12. Bc4 Kh8 13. O-O Bf6 14. f3 exf3 15. Nxf3 Re8 16. Qb3 a5 17. Rad1 axb4 18. axb4 Na6 19. Ne5 Bxe5 20. Bxe5 Nc7 21. e4 fxe4 22. Rf7 Rg8 23. Rxc7 1-0


[Site "https://www.chess.com"]

[Event "Titled Tuesday Blitz December 13 Late 2022"]
[White "Seletsky, Grigory"]
[Black "Eisa Mohmood, Alkhoori"]
[WhiteFideId "14112191"]
[BlackFideId "9316116"]
[WhiteElo "2492"]
[BlackElo "1245"]
[Result "1-0"]
[Round "08"]
[TimeControl "180+1"]
[Date "2022.12.14"]
[WhiteClock "0:01:01"]
[BlackClock "0:00:01"]

1. e4 c5 2. Nc3 d6 3. Bc4 g6 4. d3 Bg7 5. f4 Nc6 6. Nf3 e6 7. O-O Nge7 8. Qe1 O-O 9. f5 gxf5 10. Qh4 fxe4 11. dxe4 Na5 12. Be2 f6 13. Qg3 Ng6 14. Rd1 e5 15. Nb5 Nc6 16. Nxd6 Nd4 17. Nxd4 exd4 18. Bc4+ Kh8 19. Nf7+ Rxf7 20. Bxf7 Ne5 21. Bd5 Bg4 22. Rf1 c4 23. Bf4 Be2 24. Bxe5 fxe5 25. Rf2 d3 26. Bxc4 Qd4 27. Bxd3 Bxd3 28. cxd3 Bh6 29. Kh1 Bf4 30. Qf3 Rd8 31. Rd1 Qa4 32. b3 Qd4 33. g3 Bg5 34. Qe2 Qd7 35. Kg2 Rg8 36. Rf5 Bf4 37. Kh1 Bxg3 38. hxg3 Rxg3 39. Qh2 Rxd3 40. Qxe5+ Kg8 41. Rg1+ Rg3 42. Rxg3+ Qg7 43. Rxg7+ Kh8 44. Rf8# 1-0


[Site "https://www.chess.com"]

[Event "Titled Tuesday Blitz December 13 Late 2022"]
[White "Shapiro, Daniel"]
[Black "Antonova, Nadezhda"]
[WhiteFideId "2001780"]
[BlackFideId "14700182"]
[WhiteElo "2349"]
[BlackElo "1814"]
[Result "1-0"]
[Round "08"]
[TimeControl "180+1"]
[Date "2022.12.14"]
[WhiteClock "0:01:28"]
[BlackClock "0:01:29"]

1. d4 Nf6 2. c4 g6 3. Nc3 Bg7 4. e4 d6 5. Be2 O-O 6. Nf3 e5 7. O-O Nc6 8. d5 Ne7 9. a4 a5 10. Ne1 b6 11. b3 Nd7 12. Ba3 f5 13. f3 f4 14. b4 axb4 15. Bxb4 Nf6 16. a5 bxa5 17. Bxa5 Bd7 18. Nb5 Bxb5 19. cxb5 g5 20. Qc2 Rc8 21. Rc1 Ne8 22. Nd3 Ng6 23. Nb4 h5 24. b6 Rf7 25. Ba6 Ra8 26. bxc7 Nxc7 27. Bxc7 Qf6 28. Qc6 Raf8 29. Qxd6 g4 30. Qxf6 Rxf6 31. d6 Nh4 32. d7 1-0


[Site "https://www.chess.com"]

[Event "Titled Tuesday Blitz December 13 Late 2022"]
[White "So, Wesley"]
[Black "Tang, Andrew"]
[WhiteFideId "5202213"]
[BlackFideId "2059630"]
[WhiteElo "2763"]
[BlackElo "2582"]
[Result "1-0"]
[Round "08"]
[TimeControl "180+1"]
[Date "2022.12.13"]
[WhiteClock "0:00:09"]
[BlackClock "0:00:02"]

1. e4 e5 2. Nf3 Nc6 3. Bc4 Bc5 4. c3 Nf6 5. d3 a6 6. O-O Ba7 7. Re1 O-O 8. Bb3 d6 9. h3 Be6 10. Bc2 Nh5 11. d4 Bd7 12. d5 Nb8 13. Nxe5 Qh4 14. Nd3 Bxh3 15. gxh3 Qg3+ 16. Kf1 Qxh3+ 17. Ke2 Ng3+ 18. fxg3 Qg2+ 19. Nf2 Qxf2+ 20. Kd3 Nd7 21. Qe2 Ne5+ 22. Kd2 Nf3+ 23. Kd1 Nxe1 24. Qxe1 Qf3+ 25. Qe2 Qxg3 26. Nd2 f5 27. exf5 Rae8 28. Be4 Rxf5 29. Kc2 Rfe5 30. Qd3 Qh4 31. Bf5 g6 32. Be6+ Kg7 33. Nf3 Qf2+ 34. Kb3 Re2 35. a4 Rf8 36. Ng5 h6 37. Qc4 hxg5 38. Qxc7+ Kh6 39. Be3 1-0


[Site "https://www.chess.com"]

[Event "Titled Tuesday Blitz December 13 Late 2022"]
[White "Souleidis, Georgios"]
[Black "Moral Garcia, Serafin"]
[WhiteFideId "4206827"]
[BlackFideId "2201925"]
[WhiteElo "2401"]
[BlackElo "2259"]
[Result "1-0"]
[Round "08"]
[TimeControl "180+1"]
[Date "2022.12.14"]
[WhiteClock "0:00:32"]
[BlackClock "0:01:33"]

1. e4 e5 2. Nc3 Nf6 3. d4 exd4 4. Qxd4 Nc6 5. Qd3 Bb4 6. Bd2 O-O 7. O-O-O Re8 8. Nge2 d6 9. Bg5 Ne5 10. Qg3 Bxc3 11. Nxc3 Be6 12. f4 Neg4 13. h3 h6 14. hxg4 hxg5 15. f5 Bd7 16. Qh3 Kf8 17. Re1 Re5 18. Qh8+ Ng8 19. Rh7 Qf6 20. Nd5 Rxd5 21. exd5 Re8 22. Rxe8+ Bxe8 23. Rh1 Qd4 24. Bd3 f6 25. Qh3 Qxd5 26. b3 b5 27. Qf3 Qxf3 28. gxf3 Bc6 29. Be4 Bd7 30. Kd2 c6 31. c4 a6 32. Ke3 Kf7 33. cxb5 cxb5 34. Bd5+ Kf8 35. Rh8 1-0


[Site "https://www.chess.com"]

[Event "Titled Tuesday Blitz December 13 Late 2022"]
[White "Suarez Uriel, Adrian"]
[Black "Boros, Denes"]
[WhiteFideId "22230874"]
[BlackFideId "722340"]
[WhiteElo "2331"]
[BlackElo "2464"]
[Result "1-0"]
[Round "08"]
[TimeControl "180+1"]
[Date "2022.12.13"]
[WhiteClock "0:00:35"]
[BlackClock "0:00:12"]

1. e4 Nc6 2. d4 e5 3. d5 Nce7 4. Nf3 Ng6 5. h4 h5 6. Bg5 Be7 7. Nc3 d6 8. Be2 Bg4 9. Qd2 Nf6 10. O-O-O a6 11. Ng1 b5 12. f3 Bd7 13. Nh3 Qb8 14. Nf2 Qb6 15. Be3 Qa5 16. a3 c6 17. dxc6 Bxc6 18. Kb1 Rb8 19. Nd3 Bb7 20. Nb4 Qd8 21. Ncd5 Nxd5 22. Nxd5 Bxd5 23. Qxd5 Qd7 24. g3 O-O 25. f4 b4 26. a4 exf4 27. gxf4 Qxa4 28. Bc4 Bf6 29. Rdg1 Ne7 30. Qxd6 b3 31. cxb3 Qc6 32. Qxc6 Nxc6 33. e5 Be7 34. Rh2 Na5 35. Rhg2 Nxc4 36. Rxg7+ Kh8 37. bxc4 Rb3 38. Bd4 Rd3 39. Bc3 Rb8 40. Kc2 Rh3 41. e6 Rxc3+ 42. bxc3 Bg5 43. R7xg5 1-0


[Site "https://www.chess.com"]

[Event "Titled Tuesday Blitz December 13 Late 2022"]
[White "Svane, Rasmus"]
[Black "Korchmar, Vasiliy"]
[WhiteFideId "4657101"]
[BlackFideId "24131750"]
[WhiteElo "2674"]
[BlackElo "2370"]
[Result "1-0"]
[Round "08"]
[TimeControl "180+1"]
[Date "2022.12.13"]
[WhiteClock "0:00:20"]
[BlackClock "0:00:01"]

1. Nf3 d5 2. g3 g6 3. Bg2 Bg7 4. d4 Nf6 5. O-O O-O 6. c4 c6 7. Qb3 a5 8. Rd1 a4 9. Qb4 dxc4 10. Qxc4 b5 11. Qc5 Ne4 12. Qc2 Bf5 13. g4 Nxf2 14. gxf5 Nxd1 15. Qxd1 gxf5 16. Qd3 e6 17. Bf4 c5 18. Nbd2 Nc6 19. Qxb5 Nxd4 20. Qc4 a3 21. Rb1 axb2 22. Ne5 Rb8 23. e3 Rb4 24. Qf1 Nb5 25. Ndc4 Nc3 26. Rxb2 Rxb2 27. Nxb2 Qd2 28. Nbc4 Qxa2 29. Nc6 Ne2+ 30. Kh1 Nxf4 31. exf4 Kh8 32. h3 Bf6 33. Nd6 Kg7 34. Qe1 Kh8 35. Ne5 1-0


[Site "https://www.chess.com"]

[Event "Titled Tuesday Blitz December 13 Late 2022"]
[White "Szyszylo, Rafal"]
[Black "Petrovic, Aleksa"]
[WhiteFideId "1109626"]
[BlackFideId "967629"]
[WhiteElo "1981"]
[BlackElo "2230"]
[Result "1-0"]
[Round "08"]
[TimeControl "180+1"]
[Date "2022.12.14"]
[WhiteClock "0:00:45"]
[BlackClock "0:00:07"]

1. e4 c6 2. d4 d5 3. e5 c5 4. dxc5 e6 5. a3 Bxc5 6. b4 Be7 7. Bb2 a5 8. Qg4 Kf8 9. b5 Nh6 10. Qh5 Qc7 11. Bd3 Nd7 12. Nf3 Nc5 13. O-O Nxd3 14. cxd3 Qc2 15. Bc1 Qxd3 16. Bxh6 gxh6 17. Qxh6+ Ke8 18. Nbd2 Rg8 19. g3 b6 20. a4 Bb7 21. Qf4 Rc8 22. Rfd1 Rc3 23. h4 d4 24. Ng5 Bxg5 25. hxg5 Qg6 26. Qxd4 Qh5 27. Ne4 Kf8 28. Qd8+ Kg7 29. Qf6+ 1-0


[Site "https://www.chess.com"]

[Event "Titled Tuesday Blitz December 13 Late 2022"]
[White "Thomforde-Toates, Noah"]
[Black "Van Dael, Siem"]
[WhiteFideId "30951992"]
[BlackFideId "1049771"]
[WhiteElo "2607"]
[BlackElo "2336"]
[Result "0-1"]
[Round "08"]
[TimeControl "180+1"]
[Date "2022.12.13"]
[WhiteClock "0:00:18"]
[BlackClock "0:00:37"]

1. d4 e6 2. Nc3 d5 3. Bf4 Nf6 4. e3 Bb4 5. Ne2 O-O 6. a3 Bd6 7. Qd2 c5 8. dxc5 Bxc5 9. Ng3 Nc6 10. Bd3 h6 11. h4 e5 12. Bg5 Be6 13. Bxf6 Qxf6 14. O-O-O e4 15. Bb5 Rfd8 16. Rdf1 a6 17. Ba4 b5 18. Bb3 b4 19. axb4 Bxb4 20. f3 Qg6 21. Nge2 a5 22. Nf4 Qf6 23. g4 a4 24. g5 Qe5 25. Ba2 a3 26. Nxe6 axb2+ 27. Kxb2 Bxc3+ 28. Qxc3 Rxa2+ 29. Kxa2 Qxc3 30. Nxd8 Nb4+ 31. Kb1 Qxc2+ 32. Ka1 Qa2# 0-1


[Site "https://www.chess.com"]